 Dungeon Crawl Stone Soup version 0.20.1-1-g8b1a95d (console) character file.

1395 hilaritas the Grappler (level 8, -3/74 HPs)
             Began as a Troll Fighter on Aug 26, 2017.
             Was a Believer of Uskayaw.
             Slain by a two-headed ogre
             ... wielding a +0 giant club
              (14 damage)
             ... on level 6 of the Dungeon.
             The game lasted 00:09:02 (4292 turns).

hilaritas the Grappler (Troll Fighter)              Turns: 4292, Time: 00:09:02

Health: -3/74      AC:  6    Str: 25    XL:     8   Next: 41%
Magic:  2/9        EV:  8    Int:  6    God:    Uskayaw [**....]
Gold:   235        SH: 10    Dex:  9    Spells: 7/7 levels left

rFire    . . .     SeeInvis .     - Unarmed
rCold    . . .     Gourm    +   b - +1 shield
rNeg     . . .     Faith    .   a - +0 robe
rPois    .         Spirit   .   (helmet restricted)
rElec    .         Reflect  .   n - +0 cloak
rCorr    .         Harm     .   (gloves unavailable)
MR       .....                  (boots unavailable)
Stlth    +.........             k - amulet of rage
Regen    0.7/turn               (no ring)
MPRegen  0.2/turn               (no ring)

@: no status effects
A: unfitting armour, claws 3, fast metabolism 3, gourmand, regeneration 1,
shaggy fur 1, tough skin 2
a: Stomp, Line Pass, Renounce Religion, Evoke Berserk Rage


You were on level 6 of the Dungeon.
You worshipped Uskayaw.
Uskayaw was noncommittal.
You were very full.

You visited 1 branch of the dungeon, and saw 6 of its levels.

You collected 235 gold pieces.

Inventory:

Hand Weapons
 l - the +8 mace "Wipraduw" {crush, rElec Str+8 Int-4 Dex-5}
   (You took it off Dowan on level 4 of the Dungeon)

   It inflicts extra damage upon your enemies.
   It affects your strength (+8).
   It affects your intelligence (-4).
   It affects your dexterity (-5).
   It insulates you from electricity.
Missiles
 q - 3 javelins (quivered)
Armour
 a - a +0 robe (worn)
 b - a +1 shield (worn)
 n - a +0 cloak (worn)
Jewellery
 k - an amulet of rage (around neck)
Wands
 g - a wand of flame (35/48)
 r - a wand of polymorph (13/24)
Scrolls
 e - 3 scrolls of remove curse
 f - a scroll of magic mapping
 p - a scroll of teleportation
 v - a scroll of amnesia
 w - a scroll of identify
Potions
 c - 2 potions of might
 o - 2 potions of cancellation
 t - a potion of haste {unknown}
 u - a potion of resistance {unknown}
 x - a potion of flight {unknown}
Comestibles
 d - 4 bread rations
 h - 12 fruits
 i - 3 royal jellies
 j - 2 meat rations
 s - a chunk of flesh


   Skills:
 - Level 2.4 Fighting
 - Level 2.4 Dodging
 + Level 4.4 Shields
 * Level 8.8 Unarmed Combat
 * Level 3.1 Invocations


You had 7 spell levels left.
You didn't know any spells.

Dungeon Overview and Level Annotations

Branches:
Dungeon (6/15)             Temple (0/1) D:5

Altars:
Ru
Uskayaw

Shops:
D:6 (


Innate Abilities, Weirdness & Mutations

You are too large for most types of armour.
You have claws for hands.
Your metabolism is lightning-fast.
You like to eat raw meat.
Your natural rate of healing is unusually fast.
You are covered in fur. (AC +1)
You have very tough skin. (AC +2)


Message History

* * * LOW HITPOINT WARNING * * *
You block the two-headed ogre's attack.
You hear a shout!
Aiming: Line Pass
Press: ? - help, Dir - move target cursor The two-headed ogre appears confused.
You can no longer pass through a line of other dancers.
An orc warrior comes into view. It is wielding a dire flail.
You hear a shout!
You catch the helpless two-headed ogre completely off-guard!
You claw the two-headed ogre!
The two-headed ogre is severely wounded.
The two-headed ogre seems less confused.
The two-headed ogre hits you with a giant club!
* * * LOW HITPOINT WARNING * * *
You block the two-headed ogre's attack.
You can now pass through a line of other dancers.
You feel better.
The two-headed ogre hits you with a giant club!
You die...

..##...#....#..#
##.......'....'..#
...######....#..#
...##...#....#..' ##+#
#...+...#....#..#
.##...##...#...#....#..#
...........#...+....#..#
.......O..##...#....#..#
......o@†.##...#....####
###...##.......#........
#.. #.%.....'........
o........######........
..........#.............
.. o......#...........##
# #..##..#...........#.
### #..#...........#.
...#...........##


You could see a two-headed ogre, an orc warrior and an orc wizard.

Vanquished Creatures
  Duvessa (D:4)
  An orc warrior (D:5)
  An ice beast (D:5)
  A black bear (D:6)
  A phantom (D:4)
  An ogre (D:5)
  A bullfrog (D:6)
  Dowan (D:4)
  A scorpion (D:5)
  A water moccasin skeleton (D:5)
  A crimson imp (D:5)
  A bullfrog skeleton (D:5)
  3 hounds
  3 orc wizards
  A centaur skeleton (D:4)
  An orc priest (D:5)
  An iguana (D:5)
  5 worker ants
  A howler monkey skeleton (D:5)
  7 adders
  2 oozes
  A worm (D:2)
  A dart slug (D:3)
  3 leopard geckos
  14 orcs
  2 ball pythons
  10 giant cockroaches
  6 goblins
  4 hobgoblins
  10 jackals
  2 kobolds
  3 quokkas
  7 bats
  4 frilled lizards
  7 rats
110 creatures vanquished.

Notes
Turn   | Place    | Note
-------+----------+-------------------------------------------
     0 | D:1      | hilaritas the Troll Fighter began the quest for the Orb.
     0 | D:1      | Reached XP level 1. HP: 22/22 MP: 0/0
   220 | D:1      | Reached XP level 2. HP: 29/29 MP: 1/1
   690 | D:2      | Found a hide-covered altar of Uskayaw.
   734 | D:2      | Became a worshipper of Uskayaw the Reveler
   963 | D:2      | Reached * piety under Uskayaw
   967 | D:2      | Reached XP level 3. HP: 35/36 MP: 2/2
  1271 | D:2      | Reached skill level 3 in Unarmed Combat
  1753 | D:3      | Reached XP level 4. HP: 44/44 MP: 3/3
  1849 | D:3      | Found a sacrificial altar of Ru.
  1958 | D:3      | Reached ** piety under Uskayaw
  2154 | D:4      | Noticed Duvessa
  2335 | D:4      | Noticed a phantom
  2356 | D:4      | Reached skill level 4 in Unarmed Combat
  2377 | D:4      | Noticed Dowan
  2383 | D:4      | HP: 2/44 [Duvessa/rapier (5)]
  2385 | D:4      | Killed Duvessa
  2385 | D:4      | Reached skill level 1 in Invocations
  2385 | D:4      | Reached XP level 5. HP: 10/50 MP: 4/4
  2386 | D:4      | Reached skill level 5 in Unarmed Combat
  2386 | D:4      | Reached *** piety under Uskayaw
  2392 | D:4      | Killed Dowan
  2392 | D:4      | Reached XP level 6. HP: 33/59 MP: 1/6
  2392 | D:4      | Reached **** piety under Uskayaw
  2409 | D:4      | Got an encrusted mace {crush}
  2410 | D:4      | Identified the +8 mace "Wipraduw" {crush, rElec Str+8 Int-4 Dex-5} (You took it off Dowan on level 4 of the Dungeon)
  2650 | D:4      | Reached skill level 6 in Unarmed Combat
  3016 | D:5      | Entered Level 5 of the Dungeon
  3057 | D:5      | Reached XP level 7. HP: 59/66 MP: 7/7
  3116 | D:5      | Reached skill level 7 in Unarmed Combat
  3165 | D:5      | Found a staircase to the Ecumenical Temple.
  3454 | D:5      | Reached XP level 8. HP: 74/74 MP: 8/8
  3520 | D:5      | Reached skill level 8 in Unarmed Combat
  3994 | D:6      | Found Fumieg's Antique Weapon Shoppe.
  4282 | D:6      | Noticed a two-headed ogre
  4291 | D:6      | HP: 1/74 [two-headed ogre/giant club (8)]
  4292 | D:6      | Slain by a two-headed ogre

Skill      XL: |  1  2  3  4  5  6  7  8 |
---------------+-------------------------+-----
Shields        | 3 4 |  4.4
Unarmed Combat | 3 4 5 6 7 8 |  8.8
Invocations    | 1 2 3 |  3.1
Fighting       | |  2.4
Dodging        | |  2.4

Action                   |  1- 3 |  4- 6 |  7- 9 || total
-------------------------+-------+-------+-------++-------
Melee: Unarmed           |   114 |   114 |   123 ||   351
Invok: Stomp             |       |     1 |     1 ||     2
       Line Pass         |       |       |     1 ||     1
  Use: Scroll            |       |     7 |     1 ||     8
       Potion            |       |     4 |     1 ||     5
 Stab: Paralysed         |       |       |     3 ||     3
       Confused          |       |       |     1 ||     1
  Eat: Chunk             |    21 |    13 |    11 ||    45
Armor: Robe              |    45 |    34 |    31 ||   110
Dodge: Dodged            |    28 |    28 |    31 ||    87
Block: Shield            |    45 |    54 |    44 ||   143
